 Dungeon Crawl Stone Soup version 0.28.0-53-g5a82cb258f (webtiles) character file.

Game seed: 10036434349270158609

442 Legadrian the Skirmisher (level 6, 62/62 HPs)
             Began as a Troll Fighter on June 20, 2022.
             Quit the game on level 3 of the Dungeon on June 21, 2022.
             The game lasted 00:17:34 (2313 turns).

Legadrian the Skirmisher (Troll Fighter)            Turns: 2313, Time: 00:17:35

Health: 62/62      AC:  5    Str: 31    XL:     6   Next: 71%
Magic:  5/5        EV: 10    Int:  4    God:
Gold:   62         SH:  0    Dex:  9    Spells: 5/5 levels left

rFire   x . .      SeeInvis .   s - +5 quarterstaff of the Undead {drain, rCorr Str+4}
rCold   + . .      Faith    .   (shield currently unavailable)
rNeg    . . .      Spirit   .   w - +1 robe
rPois   .          Reflect  .   (helmet restricted)
rElec   .          Harm     .   (no cloak)
rCorr   +          Rampage  .   (gloves unavailable)
Will    .....                   (boots unavailable)
Stlth   +.........              (no amulet)
HPRegen 1.00/turn               i - ring of wizardry
MPRegen 0.09/turn               B - ring of ice

@: no status effects
A: large, unfitting armour, claws 3, regeneration 1, shaggy fur 1, tough skin 1
a: no special abilities


You were on level 3 of the Dungeon.
You visited 1 branch of the dungeon, and saw 3 of its levels.

You collected 62 gold pieces.

Inventory:

Hand Weapons
 c - a +0 whip of electrocution
 d - a +0 hunting sling
 f - a +0 whip
 h - a +0 dagger
 s - the +5 quarterstaff of the Undead (weapon) {drain, rCorr Str+4}
   (You found it on level 2 of the Dungeon)

   A truly terrible weapon, it drains the life of any living foe it strikes.
   Str:       It affects your strength (+4).
   rCorr:     It protects you from acid and corrosion.
 t - a +0 spear
 v - a +0 scythe
 y - a +2 vampiric hand axe
Missiles
 k - 131 stones (quivered)
 m - 27 arrows
 z - a boomerang
Armour
 a - a +0 robe
 b - a +0 kite shield
 e - a +0 pair of boots
 q - a +0 leather armour
 w - a +1 robe (worn)
Jewellery
 i - a ring of wizardry (left claw)
 B - a ring of ice (right claw)
 C - an amulet of faith
Scrolls
 g - a scroll of identify {unknown}
 j - 2 scrolls of blinking {unknown}
 l - 2 scrolls of immolation {unknown}
 o - a scroll of fear {unknown}
 x - 2 scrolls of enchant armour {unknown}
 A - a scroll of magic mapping {unknown}
Potions
 n - a potion of brilliance {unknown}
 p - 2 potions of curing
 r - a potion of lignification {unknown}
 u - a potion of mutation {unknown}


   Skills:
 + Level 4.3 Fighting
 - Level 3.1 Staves
 - Level 2.7 Dodging
 - Level 2.7 Shields
 - Level 3.7 Unarmed Combat


You had 5 spell levels left.
You didn't know any spells.
Your spell library contained the following spells:

 Spells                   Type           Power      Damage    Failure   Level
 Shock                    Conj/Air       0%         1d3       22%         1
 Summon Guardian Golem    Hex/Summ       0%         N/A       52%         3
 Swiftness                Air            0%         N/A       52%         3
 Airstrike                Air            0%         N/A       89%         4
 Orb of Destruction       Conj           0%         9d5       100%        7
 Spellforged Servitor     Conj/Summ      0%         N/A       100%        7


Dungeon Overview and Level Annotations

Branches:
Dungeon (3/15)

Altars:


Innate Abilities, Weirdness & Mutations

You are too large for most types of armour.
You have claws for hands.
Your natural rate of healing is unusually fast.
You are covered in fur. (AC +1)
You have tough skin. (AC +1)


Message History

You barely miss the worm. You hit the worm.
The worm is moderately wounded.
The worm barely misses you.
You hit the worm.
The worm is heavily wounded.
The worm bites you!
You sock the worm!
You kill the worm!
A hobgoblin comes into view.
The hobgoblin shouts!
A giant cockroach comes into view.
You hit the hobgoblin.
You kill the hobgoblin!
You sock the giant cockroach!
You kill the giant cockroach!
You see here a +0 war axe.
You open the door.
There is an open door here.
Done exploring.
Done exploring.
Done exploring.
You see here a +0 dagger.
There is an open door here.
Unknown command.
Save game and exit?
Welcome back, Legadrian the Troll Fighter.
Press ? for a list of commands and other information.
Unknown command.
Unknown command.
Unknown command.
Char dumped successfully.
Unknown command.
Unknown command.
Unknown command.
Unknown command.
Are you sure you want to abandon this character and quit the game? (Confirm with "yes".)

....######............)..........
..............####.#.............
...........#..# #.##.####..#.###
....########..####..........#.#
...[)...#...............###...#
....###.#...............###...#
.....##.#.....................#
.....##.#..........###........#
.....##.#.......@..###........#
.....##.......#'###...........#
.....##.........# #...........#
.....##.........###......#....#
.....##.......).#........#....#
#######.###.....#........#...##
#[# #...>.#....)...#...# ###
#.....###.....รท#...#
#.....'.'..).<.##'##


There were no monsters in sight!

Vanquished Creatures
  Sigmund (D:3)
  A hound (D:3)
  A gnoll shaman (D:3)
  Natasha (thrice) (D:3)
  4 gnolls
  4 adders
  A worm (D:3)
  2 dart slugs
  2 orcs (D:3)
  7 ball pythons
  4 endoplasms
  8 giant cockroaches
  11 hobgoblins
  4 kobolds
  A quokka (D:2)
  4 bats
  4 frilled lizards
  6 goblins
  8 rats
76 creatures vanquished.

Vanquished Creatures (others)
  A plant (D:3)
1 creature vanquished.

Grand Total: 77 creatures vanquished

Notes
Turn   | Place    | Note
-------+----------+-------------------------------------------
     0 | D:1      | Legadrian the Troll Fighter began the quest for the Orb.
     0 | D:1      | Reached XP level 1. HP: 22/22 MP: 0/0
    63 | D:1      | Reached XP level 2. HP: 29/29 MP: 1/1
   683 | D:2      | Reached XP level 3. HP: 36/36 MP: 2/2
   950 | D:2      | Reached skill level 3 in Fighting
  1062 | D:2      | Reached XP level 4. HP: 45/45 MP: 3/3
  1066 | D:2      | Identified the +5 quarterstaff of the Undead {drain, rCorr
                  | Str+4}
  1533 | D:3      | Noticed Sigmund
  1562 | D:3      | Killed Sigmund
  1563 | D:3      | Reached XP level 5. HP: 35/53 MP: 4/4
  1620 | D:3      | Reached XP level 6. HP: 61/61 MP: 5/5
  1853 | D:3      | Noticed Natasha
  1857 | D:3      | Killed Natasha
  1940 | D:3      | Noticed Natasha
  1948 | D:3      | Killed Natasha
  1949 | D:3      | Reached skill level 4 in Fighting
  2102 | D:3      | Noticed Natasha
  2106 | D:3      | Killed Natasha
  2313 | D:3      | Quit the game

Illustrated notes

Levels and vault maps discovered:
D:1:      wander_arrival_abandoned_jail, layout_basic
D:2:      layout_basic
D:3:      layout_basic, corexii_shack, grunt_ministairs_6, uniq_sigmund,
          uniq_natasha

Skill      XL: |  1  2  3  4  5  6 |
---------------+-------------------+-----
Fighting       | 3 4 |  4.3
Unarmed Combat | 3 |  3.7
Staves         | 2 3 |  3.1
Dodging        | |  2.7
Shields        | |  2.7

Action                   |  1- 3 |  4- 6 || total
-------------------------+-------+-------++-------
Melee: Unarmed           |    82 |       ||    82
       Quarterstaff      |       |    79 ||    79
  Use: Potion            |     2 |     2 ||     4
 Stab: Sleeping          |       |     1 ||     1
Armor: Robe              |    24 |    16 ||    40
Dodge: Dodged            |    26 |    47 ||    73
Block: Kite shield       |    20 |       ||    20
